 Dungeon Crawl Stone Soup version 0.25-a0-413-g3b4b6a4 (webtiles) character file.

Game seed: 12032631171774638807, levelgen mode: deterministic

415 CanOfBees the Skirmisher (level 6, -1/40 HPs)
             Began as a Gargoyle Fighter on Jan 14, 2020.
             Slain by an ogre
             ... wielding a +0 giant club
              (8 damage)
             ... on level 4 of the Dungeon.
             The game lasted 00:06:53 (4242 turns).

CanOfBees the Skirmisher (Gargoyle Fighter)         Turns: 4242, Time: 00:06:54

Health: -1/40      AC: 15    Str: 21 (22) XL:     6   Next: 92%
Magic:  6/6        EV:  7    Int:  8 (9)  God:
Gold:   102        SH:  9    Dex: 10      Spells: 5/5 levels left

rFire    . . .     SeeInvis .   a - +0 flail
rCold    . . .     Gourm    .   c - +0 shield
rNeg     + . .     Faith    +   b - +0 scale mail
rPois    ∞         Spirit   .   (helmet restricted)
rElec    +         Reflect  .   (no cloak)
rCorr    .         Harm     .   (no gloves)
MR       .....                  h - +0 pair of boots
Stlth    ..........             n - amulet of faith
HPRegen  0.13/turn              r - +3 ring of protection
MPRegen  0.10/turn              (no ring)

@: no status effects
A: antennae 1, blurry vision 1, negative energy resistance 1, electricity
resistance, strong 1, unbreathing, petrification resistance, rot immunity, AC +4
a: no special abilities


You were on level 4 of the Dungeon.
You were hungry.

You visited 1 branch of the dungeon, and saw 4 of its levels.

You collected 102 gold pieces.

Inventory:

Hand Weapons
 a - a +0 flail (weapon)
Missiles
 i - 24 sling bullets
 m - 104 stones
 u - 17 arrows
 w - 17 poisoned darts (quivered)
Armour
 b - a +0 scale mail (worn)
 c - a +0 shield (worn)
 h - a +0 pair of boots (worn)
 t - a +0 helmet
Jewellery
 n - an amulet of faith (around neck)
 r - a +3 ring of protection (left hand)
 s - an uncursed amulet of magic regeneration
Scrolls
 d - a scroll of random uselessness {unknown}
 e - a scroll of magic mapping
 j - a scroll of identify {unknown}
 l - 3 scrolls of enchant weapon {unknown}
 o - a scroll of amnesia {unknown}
 q - 2 scrolls of teleportation {unknown}
 v - a scroll of remove curse {unknown}
Potions
 g - a potion of ambrosia {unknown}
 k - a potion of curing {unknown}
 p - a potion of heal wounds {unknown}
 z - a potion of berserk rage {unknown}
Comestibles
 f - 3 rations


   Skills:
 + Level 5.4 Fighting
 + Level 4.4 Maces & Flails
 + Level 4.9 Armour
 - Level 4.0 Shields


You had 5 spell levels left.
You didn't know any spells.
Your spell library was empty.

Dungeon Overview and Level Annotations

Branches:
Dungeon (4/15)
 Temple: D:4-7

Altars:
Okawaru
Yredelemnul


Innate Abilities, Weirdness & Mutations

You are resistant to torment.
Your stone body is resilient. (AC +4)
You are immune to poison.
You resist negative energy. (rN+)
You are resistant to electric shocks. (rElec)
You can survive without breathing.
You are immune to petrification.
You are immune to rotting.
You have a pair of small antennae on your head.
Scrolls take you a little longer to read.
Your muscles are strong. (Str +2)


Message History

You completely miss the ogre.
The ogre is moderately wounded.
You block the ogre's attack.
You hit the ogre but do no damage.
The ogre is moderately wounded.
You block the ogre's attack.
You sock the ogre!
The ogre is severely wounded.
The ogre hits you with a +0 giant club.
You hit the ogre but do no damage.
The ogre is severely wounded.
The ogre hits you with a +0 giant club!
* * * LOW HITPOINT WARNING * * *
You barely miss the ogre.
The ogre is severely wounded.
You block the ogre's attack.
You hit the ogre but do no damage.
The ogre is severely wounded.
The ogre hits you with a +0 giant club!
You die...

*,* #..o..*,,* *,* *,* **
**,*****#.....##.* *,* *,* *,
,,,,,,,*#.o......#### *,***,***,
,,****,*#.o.........####,,,,,,,+,
,,* *,**,,............,<,,,,,**,
,,****,***'**........#**,,,,,,**,
,,,,,,,***,**,,......# *,,,,,,***
*****,,,,,,######...%###.#*****
,**,,,,,,,,#....@........#
,**,,,,,,,,#.####O...###.#
,**,,,,,,,,*,* ##'#.# *,*
,,,,,,,,,,,*,* #.#<# *,*
,,,,,,,,,,,*,* #..## *,*
,,,,,,******,*** ##.#* *,*
,,,,,,,,,,,,,,,* #..* *,*
,,,,,,>*****,*,* ##.# *,*
,,,,,,,,,<,,,*,* *,***,**


You could see an ogre.

Vanquished Creatures
  An orc priest (D:3)
  4 orc wizards
  Ijyb (D:3)
  An iguana (D:4)
  Robin (D:4)
  A gnoll (D:1)
  4 adders
  An ooze (D:2)
  An adder skeleton (D:4)
  A worm (D:2)
  2 dart slugs
  5 leopard geckos
  15 orcs
  6 bats
  3 giant cockroaches
  19 goblins
  15 hobgoblins
  14 jackals
  15 kobolds
  4 quokkas
  3 ball pythons
  3 frilled lizards
  7 rats
127 creatures vanquished.

Notes
Turn   | Place    | Note
-------+----------+-------------------------------------------
     0 | D:1      | CanOfBees the Gargoyle Fighter began the quest for the Orb.
     0 | D:1      | Reached XP level 1. HP: 14/14 MP: 1/1
   124 | D:1      | Reached XP level 2. HP: 16/19 MP: 2/2
   326 | D:1      | Reached XP level 3. HP: 24/24 MP: 3/3
   890 | D:2      | Reached skill level 4 in Fighting
   902 | D:2      | Reached XP level 4. HP: 27/29 MP: 4/4
  1110 | D:2      | You fall into a shaft and drop 2 floors!
  1237 | D:4      | Reached XP level 5. HP: 7/34 MP: 5/5
  1533 | D:4      | Noticed Robin
  1557 | D:4      | Killed Robin
  1842 | D:3      | Found an iron altar of Okawaru.
  1856 | D:3      | Noticed Ijyb
  1872 | D:3      | Killed Ijyb
  2006 | D:3      | Reached XP level 6. HP: 26/40 MP: 6/6
  2032 | D:3      | Gained mutation: You have a pair of small antennae on your
                  | head. [potion of mutation]
  2032 | D:3      | Gained mutation: You are clumsy. (Dex -2) [potion of
                  | mutation]
  2032 | D:3      | Gained mutation: You have sharp toenails. [potion of
                  | mutation]
  2038 | D:3      | Reached skill level 5 in Fighting
  2724 | D:2      | Found a basalt altar of Yredelemnul.
  3022 | D:2      | Lost mutation: You have a pair of small antennae on your
                  | head. [potion of mutation]
  3022 | D:2      | Lost mutation: You have sharp toenails. [potion of
                  | mutation]
  3022 | D:2      | Lost mutation: You are clumsy. (Dex -2) [potion of
                  | mutation]
  3022 | D:2      | Gained mutation: Your spells are a little easier to cast,
                  | but a little less powerful. [potion of mutation]
  3022 | D:2      | Gained mutation: Scrolls take you a little longer to read.
                  | [potion of mutation]
  3022 | D:2      | Gained mutation: Your flesh is cold resistant. (rC+)
                  | [potion of mutation]
  3023 | D:2      | Lost mutation: Your flesh is cold resistant. (rC+) [potion
                  | of mutation]
  3023 | D:2      | Lost mutation: Scrolls take you a little longer to read.
                  | [potion of mutation]
  3023 | D:2      | Lost mutation: Your spells are a little easier to cast, but
                  | a little less powerful. [potion of mutation]
  3023 | D:2      | Gained mutation: Scrolls take you a little longer to read.
                  | [potion of mutation]
  3023 | D:2      | Gained mutation: You have a pair of small antennae on your
                  | head. [potion of mutation]
  3023 | D:2      | Gained mutation: Your muscles are strong. (Str +2) [potion
                  | of mutation]
  4242 | D:4      | Slain by an ogre

Levels and vault maps discovered:
D:1:      dpeg_arrival_prison, layout_basic, hangedman_feature_mirror
D:2:      layout_basic, yredelemnul_altar_generic, nrook_uturn
D:3:      corexii_shack_village, layout_loops_corners,
          overflow_temple_1_default, chequers_decorated_corner,
          minmay_misc_feat_pillars, uniq_ijyb
D:4:      layout_basic, kennysheep_mini, minmay_misc_feat_rugged,
          kennysheep_another_room, uniq_sigmund, uniq_robin

Skill      XL: |  1  2  3  4  5  6 |
---------------+-------------------+-----
Fighting       | 4 5 |  5.4
Shields        | 4 |  4.0
Maces & Flails | 3 4 |  4.4
Armour         | 4 |  4.9

Action                   |  1- 3 |  4- 6 || total
-------------------------+-------+-------++-------
Melee: Flail             |   123 |   368 ||   491
       Kick              |       |     7 ||     7
Throw: Dart              |       |     3 ||     3
Evoke: Wand              |       |     1 ||     1
  Use: Scroll            |     1 |     1 ||     2
       Potion            |       |     9 ||     9
  Eat: Chunk             |       |    11 ||    11
Armor: Scale mail        |    77 |   228 ||   305
Dodge: Dodged            |    39 |   118 ||   157
Block: Shield            |    78 |   204 ||   282

Table legend:
 A = Non-vault XP
 B = Vault XP
 C = Vault XP percentage of total XP
 D = Non-vault monster count
 E = Vault monster count
 F = Vault count percentage of total count
                 A         B        C        D         E       F
            +---------+---------+-------+---------+---------+-------
      Total |     478 |     116 |  19.5 |      96 |      31 |  24.4
            +---------+---------+-------+---------+---------+-------
        D:1 |      52 |      14 |  21.2 |      22 |       6 |  21.4
        D:2 |      88 |       0 |   0.0 |      27 |       0 |   0.0
        D:3 |     237 |      65 |  21.5 |      36 |      13 |  26.5
        D:4 |     101 |      37 |  26.8 |      11 |      12 |  52.2
            +---------+---------+-------+---------+---------+-------
